 Dungeon Crawl Stone Soup version 0.22.0 (webtiles) character file.

29068 inmateoo the Impaler (level 13, -2/103 HPs)
             Began as a Mummy Fighter on Aug 11, 2018.
             Was an Initiate of Gozag.
             Slain by an eight-headed hydra (11 damage)
             ... on level 1 of the Swamp.
             The game lasted 00:26:54 (19459 turns).

inmateoo the Impaler (Mummy Fighter)               Turns: 19459, Time: 00:26:55

Health: -2/103     AC: 13    Str: 24    XL:     13   Next: 13%
Magic:  15/15      EV: 11    Int:  7    God:    Gozag
Gold:   1408       SH:  0    Dex: 18    Spells: 12/12 levels left

rFire    + . .     SeeInvis +   r - +4 quarterstaff (chaos)
rCold    + + .     Gourm    .   (shield currently unavailable)
rNeg     + + +     Faith    .   x - +4 scale mail {rF+}
rPois    ∞         Spirit   .   f - +0 helmet {SInv}
rElec    .         Reflect  .   u - scarf {rC+ rF+}
rCorr    .         Harm     .   q - +0 pair of gloves
MR       +....                  (no boots)
Stlth    ..........             h - amulet of the acrobat
HPRegen  0.27/turn              o - +6 ring of dexterity
MPRegen  0.14/turn              (no ring)

@: gold aura
A: no food or potions, fire vulnerability, cold resistance 1, negative energy
resistance 3, torment resistance, unbreathing, in touch with death 1
a: Potion Petition, Call Merchant, Bribe Branch, Renounce Religion


You were on level 1 of the Swamp.
You worshipped Gozag.
Gozag was most pleased with you.
You were not hungry.

You visited 4 branches of the dungeon, and saw 17 of its levels.
You also visited: Ice Cave.

You collected 4171 gold pieces.
You spent 254 gold pieces at shops.
You paid 2509 gold pieces to Gozag.

Inventory:

Hand Weapons
 a - a +1 trident
 r - a +4 quarterstaff of chaos (weapon)
 w - a +4 glaive of protection
Missiles
 p - a throwing net (quivered)
Armour
 c - a +0 shield
 f - a +0 helmet of see invisible (worn)
 q - a +0 pair of gloves (worn)
 u - a scarf of resistance (worn)
 x - a +4 scale mail of fire resistance (worn)
Jewellery
 h - an amulet of the acrobat (around neck)
 o - a +6 ring of dexterity (left hand)
 v - an uncursed ring of wizardry
 z - a +5 amulet of reflection
Wands
 b - a wand of scattershot (5)
 y - a wand of iceblast (7)
 A - a wand of paralysis (3)
Scrolls
 d - 4 scrolls of remove curse
 e - 21 scrolls of identify
 j - 2 scrolls of fog
 k - 5 scrolls of magic mapping
 l - a scroll of silence
 n - 2 scrolls of amnesia


   Skills:
 - Level 10.0 Fighting
 * Level 15.3 Polearms
 - Level 5.0 Armour
 - Level 2.0 Dodging
 - Level 3.0 Shields
 + Level 3.2 Evocations


You had 12 spell levels left.
You didn't know any spells.
Your spell library contained the following spells:

 Spells                   Type           Power        Failure   Level  Hunger
 Magic Dart               Conj           #...         71%         1    N/A
 Conjure Flame            Conj/Fire      #.......     97%         3    N/A
 Bolt of Magma            Conj/Fire/Erth #.........   100%        5    N/A
 Slow                     Hex            #.......     85%         2    N/A
 Mephitic Cloud           Conj/Pois/Air  #.......     97%         3    N/A
 Venom Bolt               Conj/Pois      #.........   100%        5    N/A
 Blink                    Tloc           N/A          85%         2    N/A
 Call Imp                 Summ           #.......     85%         2    N/A
 Regeneration             Chrm/Necr      #.........   97%         3    N/A
 Iron Shot                Conj/Erth      #.........   100%        6    N/A
 Orb of Destruction       Conj           #.........   100%        7    N/A
 Shroud of Golubria       Chrm/Tloc      #.........   85%         2    N/A
 Iskenderun's Battlesphe  Conj/Chrm      #.......     100%        5    N/A
 Infusion                 Chrm           #...         71%         1    N/A
 Song of Slaying          Chrm           #.......     85%         2    N/A
 Spectral Weapon          Hex/Chrm       #.......     97%         3    N/A
 Spellforged Servitor     Conj/Summ      #.........   100%        7    N/A

Dungeon Overview and Level Annotations

Branches:
Dungeon (12/15)            Temple (0/1) D:7            Lair (3/6) D:10
  Swamp (1/4) Lair:3       Spider (0/4) Lair:3          Orc (1/2) D:10

Altars:
Cheibriados
Elyvilon
Fedhas
Gozag
Hepliaklqana
Okawaru
Sif Muna
Trog
Xom
Yredelemnul
The Shining One

Shops:
D:4 [**   D:8 ?   D:10 !   Lair:2 ([

Annotations:
D:7 2 runed doors, Alter's ghost, novice GrFi


Innate Abilities, Weirdness & Mutations

You do not eat or drink.
Your flesh is vulnerable to fire.
You are immune to poison.
Your flesh is cold resistant. (rC+)
You are immune to negative energy. (rN+++)
You are immune to unholy pain and torment.
You can survive without breathing.
You are in touch with the powers of death.


Message History

Unknown command.
Unknown command.
Okay, then.
You can't drink.
Unknown command.
Wield which item (- for none, * to show all)? (? for menu, Esc to quit)
Your +4 glaive of protection goes still.
Your +4 quarterstaff of chaos is briefly surrounded by a scintillating aura of random colours.
r - a +4 quarterstaff of chaos (weapon)
The eight-headed hydra bites you.
* * * LOW HITPOINT WARNING * * *
The eight-headed hydra barely misses you.
The eight-headed hydra bites you but does no damage. x2
The eight-headed hydra barely misses you.
The eight-headed hydra bites you!
* * * LOW HITPOINT WARNING * * *
The eight-headed hydra bites you but does no damage.
The eight-headed hydra bites you!
You die...
Your body crumbles into a pile of gold.

♣♣.....≈≈≈≈≈
♣♣...≈..≈≈≈≈≈
....≈≈≈≈≈≈≈≈
..t≈≈≈≈≈..≈
.≈≈≈≈≈≈..♣
.≈≈.....♣
♣D...≈..♣
♣@≈.≈≈≈.♣
♣≈≈≈≈≈≈≈.
♣≈≈≈≈≈≈≈.
♣.≈≈≈≈≈≈.$
♣..≈≈≈≈≈≈
♣.≈.≈≈≈≈≈
♣....≈≈≈≈
♣♣♣♣.≈≈≈≈


You could see an alligator and an eight-headed hydra.

Vanquished Creatures
  Harold (D:8)
  2 hydras
  2 ice dragons (IceCv)
  2 two-headed ogres
  An orc knight (D:10)
  An orc sorcerer (D:10)
  2 manticores (D:12)
  4 elephants (Lair:3)
  A centaur zombie (D:12)
  An ugly thing (D:12)
  A black mamba (Lair:2)
  A gargoyle (D:11)
  2 ice statues (IceCv)
  2 rime drakes (IceCv)
  2 spiny frogs
  A kobold demonologist (D:12)
  3 trolls
  2 ice devils (Lair:3)
  A polar bear (Lair:3)
  A blink frog (Lair:2)
  4 slime creatures
  5 hippogriffs
  A bog body (Lair:3)
  A shadow (D:11)
  A wyvern (Lair:2)
  Sigmund (D:3)
  A wraith (D:12)
  4 hogs (D:10)
  25 yaks
  A human (D:10)
  6 basilisks
  A steam dragon (D:8)
  A warg (D:10)
  Menkaure (D:7)
  An acid dragon (D:11)
  2 swamp worms (Lair:3)
  6 water moccasins
  5 orc warriors
  9 porcupines
  3 sky beasts
  17 ice beasts
  A phantom (D:9)
  A black bear (D:8)
  2 necrophages
  4 ogres
  4 centaurs
  5 crocodiles
  5 big kobolds
  10 bullfrogs
  6 scorpions
  A water moccasin skeleton (D:9)
  3 killer bees (D:9)
  5 howler monkeys
  2 electric eels
  2 crimson imps
  6 hounds
  2 jellies
  3 bullfrog skeletons
  6 orc priests
  An iguana (D:6)
  11 orc wizards
  Jessica (D:2)
  A gnoll shaman (D:5)
  Crazy Yiuf (D:7)
  Ijyb (D:5)
  8 worker ants
  A hound zombie (D:7)
  A hound skeleton (D:5)
  Robin (D:3)
  3 worker ant zombies
  12 adders
  7 gnolls
  2 shadow imps
  An adder skeleton (D:6)
  3 worms
  6 dart slugs
  4 leopard geckos
  35 orcs
  7 giant cockroaches
  2 gnoll zombies (D:5)
  10 hobgoblins
  11 jackals
  15 kobolds
  3 quokkas
  7 bats
  3 frilled lizards
  20 goblins
  A leopard gecko zombie (D:5)
  A quokka zombie (D:9)
  7 rats
384 creatures vanquished.

Vanquished Creatures (others)
  An adder zombie (D:8)
  13 fungi
  7 plants
21 creatures vanquished.

Grand Total: 405 creatures vanquished

Notes
Turn   | Place    | Note
-------+----------+-------------------------------------------
     0 | D:1      | inmateoo the Mummy Fighter began the quest for the Orb.
     0 | D:1      | Reached XP level 1. HP: 18/18 MP: 1/1
    50 | D:1      | Reached skill level 2 in Polearms
    60 | D:1      | Reached XP level 2. HP: 18/24 MP: 2/2
   256 | D:1      | Reached XP level 3. HP: 20/29 MP: 3/3
   340 | D:1      | Reached skill level 3 in Polearms
   890 | D:2      | Found a shimmering altar of Xom.
   891 | D:2      | Found a hazy altar of Hepliaklqana.
   892 | D:2      | Noticed a spectral ugly thing
   899 | D:2      | Noticed Jessica
   914 | D:2      | Reached XP level 4. HP: 29/35 MP: 4/4
  1260 | D:2      | Found a white marble altar of Elyvilon.
  1378 | D:2      | Killed Jessica
  1378 | D:2      | Reached skill level 4 in Polearms
  1561 | D:2      | Reached XP level 5. HP: 21/41 MP: 5/5
  1954 | D:3      | Noticed Sigmund
  2197 | D:4      | Reached skill level 5 in Polearms
  2197 | D:4      | Reached XP level 6. HP: 35/47 MP: 6/6
  2557 | D:4      | Found Wiumentuh's Armour Shop.
  2650 | D:4      | Found Unwyorr's Elemental Accessories.
  2919 | D:4      | Found Fanuyc's General Store.
  2997 | D:5      | Entered Level 5 of the Dungeon
  3316 | D:5      | Noticed Ijyb
  3320 | D:5      | Paralysed by Ijyb for 3 turns
  3324 | D:5      | Paralysed by Ijyb for 7 turns
  3338 | D:5      | Paralysed by Ijyb for 6 turns
  3351 | D:5      | Paralysed by Ijyb for 4 turns
  3357 | D:5      | Killed Ijyb
  3373 | D:5      | Found a bloodstained altar of Trog.
  3378 | D:5      | Found a deep blue altar of Sif Muna.
  3379 | D:5      | Found an iron altar of Okawaru.
  3384 | D:5      | Found a blossoming altar of Fedhas.
  3384 | D:5      | Found an opulent altar of Gozag.
  3395 | D:5      | Became a worshipper of Gozag Ym Sagoz the Greedy
  3468 | D:5      | Noticed a sky beast
  3494 | D:6      | Reached XP level 7. HP: 54/54 MP: 7/7
  3854 | D:5      | Found a glowing golden altar of the Shining One.
  4037 | D:5      | Found a basalt altar of Yredelemnul.
  4092 | D:5      | Reached skill level 6 in Polearms
  4520 | D:3      | Killed Sigmund
  4520 | D:3      | Reached skill level 5 in Fighting
  4563 | D:3      | Noticed Robin
  4610 | D:3      | Killed Robin
  5151 | D:6      | Reached XP level 8. HP: 49/62 MP: 8/8
  5567 | D:6      | Reached skill level 7 in Polearms
  5626 | D:6      | Found a snail-covered altar of Cheibriados.
  6073 | D:7      | Found a staircase to the Ecumenical Temple.
  6076 | D:7      | Noticed Harold
  6640 | D:7      | Found a large runed door.
  6641 | D:7      | Found a large runed door.
  6645 | D:7      | Noticed Alter's ghost (novice GrFi)
  6669 | D:7      | Reached skill level 8 in Polearms
  6838 | D:7      | Noticed Menkaure
  6845 | D:7      | Killed Menkaure
  6957 | D:7      | Found a runed door.
  6961 | D:7      | Noticed Crazy Yiuf
  6966 | D:7      | Killed Crazy Yiuf
  7472 | D:8      | Reached XP level 9. HP: 71/71 MP: 9/9
  7570 | D:8      | You fall through a shaft!
  7614 | D:9      | Noticed a troll
  8071 | D:8      | Found Senkekk's Magic Scroll Boutique.
  8082 | D:8      | Bought a scroll of enchant weapon for 82 gold pieces
  8316 | D:8      | Reached skill level 9 in Polearms
  8486 | D:9      | HP: 1/72 [orc priest/divine providence (16)]
  8786 | D:8      | Killed Harold
  8786 | D:8      | Reached skill level 10 in Polearms
  8961 | D:8      | Noticed a two-headed ogre
  8969 | D:8      | Killed a two-headed ogre
  8969 | D:8      | Reached skill level 11 in Polearms
  8969 | D:8      | Reached XP level 10. HP: 73/79 MP: 10/10
  9292 | D:9      | Noticed a two-headed ogre
  9297 | D:9      | Killed a two-headed ogre
  9773 | D:10     | Entered Level 10 of the Dungeon
  9787 | D:10     | Reached skill level 12 in Polearms
  9813 | D:10     | Found a staircase to the Lair.
 10156 | D:10     | Found Waefoptat's Distillery.
 10160 | D:10     | Reached XP level 11. HP: 84/84 MP: 11/11
 10442 | D:10     | Reached skill level 13 in Polearms
 10601 | D:10     | Found a staircase to the Orcish Mines.
 10980 | D:10     | Reached skill level 1 in Dodging
 11398 | Orc:1    | Entered Level 1 of the Orcish Mines
 11398 | Orc:1    | Noticed an orc sorcerer
 11400 | Orc:1    | Noticed an orc knight
 11789 | Orc:1    | Noticed an orc sorcerer
 12152 | Orc:1    | Noticed an orc knight
 12152 | Orc:1    | Noticed an orc sorcerer
 12378 | D:10     | Killed an orc knight
 12552 | D:10     | Noticed a sixfirhy
 12557 | D:10     | Killed an orc sorcerer
 13048 | D:11     | Noticed a two-headed ogre
 13629 | D:12     | Noticed a seven-headed hydra
 14480 | D:12     | Noticed a red ugly thing
 14491 | D:12     | Killed a red ugly thing
 15066 | D:12     | Reached XP level 12. HP: 94/94 MP: 12/12
 15127 | D:12     | Noticed a death knight
 15134 | D:12     | Reached skill level 5 in Armour
 15247 | Lair:1   | Entered Level 1 of the Lair of Beasts
 15285 | D:10     | Reached skill level 14 in Polearms
 15589 | Lair:1   | Noticed a six-headed hydra
 15622 | Lair:1   | Killed a seven-headed hydra
 16914 | Lair:2   | Bought a +0 helmet of see invisible for 172 gold pieces
 17016 | Lair:2   | Noticed a six-headed hydra
 17064 | Lair:2   | Killed a six-headed hydra
 17873 | Lair:3   | Found a frozen archway.
 17892 | Lair:3   | Reached skill level 1 in Evocations
 17991 | IceCv    | Entered an ice cave
 18078 | IceCv    | Reached skill level 10 in Fighting
 18196 | IceCv    | Reached skill level 15 in Polearms
 18459 | IceCv    | Noticed an ice dragon
 18459 | IceCv    | Noticed an ice dragon
 18596 | IceCv    | Killed an ice dragon
 18643 | IceCv    | Killed an ice dragon
 18643 | IceCv    | Gained mutation: You are in touch with the powers of death. [Mummy growth]
 18643 | IceCv    | Reached XP level 13. HP: 44/103 MP: 13/15
 18704 | IceCv    | Got a crude iron ring
 18720 | IceCv    | Identified the cursed ring of Day {EV-3 Str+3} (You found it in an ice cave)
 19195 | Lair:3   | Found a hole to the Spider Nest.
 19451 | Lair:3   | Found a staircase to the Swamp.
 19458 | Swamp:1  | Entered Level 1 of the Swamp
 19459 | Swamp:1  | Slain by an eight-headed hydra

Skill      XL: |  1  2  3  4  5  6  7  8  9 10 11 12 13 |
---------------+----------------------------------------+-----
Polearms       | 2 3 4 5 6 8 11 12 13 15 | 15.3
Fighting       | 4 5 6 7 8 10 | 10.0
Armour         | 3 4 5 |  5.0
Shields        | 3 |  3.0
Dodging        | 2 |  2.0
Evocations     | 2 3 |  3.2

Action                   |  1- 3 |  4- 6 |  7- 9 | 10-12 | 13-15 || total
-------------------------+-------+-------+-------+-------+-------++-------
Melee: Trident           |   164 |   234 |   467 |       |       ||   865
       Glaive            |       |       |    54 |   762 |    58 ||   874
       Quarterstaff      |       |       |       |     7 |       ||     7
Invok: Potion Petition   |       |       |     4 |       |       ||     4
       Call Merchant     |       |       |       |     2 |       ||     2
Evoke: Wand              |       |       |    13 |    12 |       ||    25
       Box of beasts     |       |       |       |     1 |       ||     1
  Use: Scroll            |       |    10 |     7 |     9 |     2 ||    28
 Stab: Paralysed         |       |       |     4 |     6 |       ||    10
       Distracted        |       |       |     2 |     3 |       ||     5
Armor: Scale mail        |    61 |    40 |     3 |   473 |    40 ||   617
       Plate armour      |       |    58 |   229 |       |       ||   287
Dodge: Dodged            |    41 |    41 |    83 |   427 |    32 ||   624
Block: Shield            |    63 |    87 |   196 |       |       ||   346
